 Dungeon Crawl Stone Soup version 0.27-a0-279-gdfb9265905 (webtiles) character file.

Game seed: 7629328980496371055

2757 lessens the Slicer (level 9, -11/43 HPs)
             Began as a Vine Stalker Summoner on Feb 7, 2021.
             Was a Priest of Nemelex Xobeh.
             Mangled by an orc warrior
             ... wielding a +0 trident
              (17 damage)
             ... in a bailey.
             The game lasted 00:22:12 (7417 turns).

lessens the Slicer (Vine Stalker Summoner)          Turns: 7417, Time: 00:22:13

Health: -11/43     AC:  5    Str: 14    XL:     9   Next: 69%
Magic:  0/22       EV: 13    Int: 21    God:    Nemelex Xobeh [***...]
Gold:   416        SH:  0    Dex: 21    Spells: 7/13 levels left

rFire    . . .     SeeInvis .   A - +8 dagger of Ojarph {flame, Int+6}
rCold    . . .     Faith    .   (no shield)
rNeg     . . .     Spirit   +   y - +2 robe {Will+}
rPois    .         Reflect  .   (no helmet)
rElec    .         Harm     .   (no cloak)
rCorr    .         Rampage  .   o - +0 pair of gloves
Will     ++...                  (no boots)
Stlth    +++.......             (no amulet)
HPRegen  0.54/turn              n - ring of magical power
MPRegen  0.18/turn              l - +6 ring of dexterity

@: mighty
A: fangs 3, regeneration 1, magic shield, antimagic bite, no potion heal 3
a: Renounce Religion, Draw Escape, Draw Destruction, Draw Summoning, Triple Draw


You were in a bailey.
You worshipped Nemelex Xobeh.
Nemelex Xobeh was most pleased with you.
You visited 1 branch of the dungeon, and saw 9 of its levels.
You also visited: Bailey.

You collected 488 gold pieces.
You spent 72 gold pieces at shops.

Inventory:

Hand Weapons
 g - a +1 dagger
 x - a +3 short sword
 A - the +8 dagger of Ojarph (weapon) {flame, Int+6}
   (You found it on level 5 of the Dungeon)

   It has been specially enchanted to burn those struck by it, causing extra
   injury to most foes and up to half again as much damage against particularly
   susceptible opponents.
   It affects your intelligence (+6).
Missiles
 d - 254 stones
 j - 4 silver boomerangs
 k - 6 boomerangs
 r - 30 poisoned darts
 s - 8 javelins
Armour
 a - a +0 robe
 m - a +0 helmet
 o - a +0 pair of gloves (worn)
 y - a +2 robe of willpower (worn)
Jewellery
 i - an uncursed amulet of reflection {unknown}
 l - a +6 ring of dexterity (right hand)
 n - a ring of magical power (left hand)
 q - a cursed amulet of inaccuracy {unknown}
 z - an uncursed amulet of reflection {unknown}
 B - an uncursed amulet of guardian spirit {unknown}
 C - an uncursed amulet of reflection {unknown}
 H - a cursed ring of teleportation {unknown}
Wands
 G - a wand of polymorph (5)
Scrolls
 e - 2 scrolls of blinking
 f - 4 scrolls of teleportation
 D - 3 scrolls of magic mapping {unknown}
 F - a scroll of enchant armour {unknown}
 I - a scroll of enchant weapon
Potions
 b - 2 potions of lignification
 c - 2 potions of might
 h - 7 potions of curing
 p - 2 potions of berserk rage
 t - 2 potions of brilliance
 u - a potion of heal wounds
 v - a potion of ambrosia {unknown}
 w - 2 potions of haste
 E - a potion of resistance {unknown}


   Skills:
 + Level 2.8 Fighting
 - Level 11.0 Short Blades
 + Level 2.1 Dodging
 - Level 2.8 Stealth
 - Level 2.5 Spellcasting
 - Level 4.2 Summonings


You had 7 spell levels left.
You knew the following spells:

 Your Spells              Type           Power        Failure   Level
a - Summon Small Mammal   Summ           80%          2%          1
b - Call Imp              Summ           20%          3%          2
c - Call Canine Familiar  Summ           20%          8%          3

Your spell library contained the following spells:

 Spells                   Type           Power        Failure   Level
 Summon Guardian Golem    Hex/Summ       11%          19%         3
 Summon Ice Beast         Ice/Summ       11%          52%         4
 Summon Lightning Spire   Summ/Air       11%          52%         4


Dungeon Overview and Level Annotations

Branches:
Dungeon (9/15)             Temple (0/1) D:5          Bailey (1/1)
   Lair: D:8-11         Orc: D:9-12

Altars:
Ashenzari
Fedhas
Makhleb
Nemelex Xobeh
Qazlal
Ru
Trog
Uskayaw
Zin

Shops:
D:5 !


Innate Abilities, Weirdness & Mutations

You have razor-sharp teeth.
Your natural rate of healing is unusually fast.
When hurt, damage is shared between your health and your magic reserves.
Your bite disrupts and absorbs the magic of your enemies.
Potions cannot restore your health.


Message History

a cursed -1 spear; a +0 chain mail You see here a +0 hand axe.
There is an open door here.
Okay, then.
Okay, then.
You feel very mighty all of a sudden.
The orc warrior hits you from afar with a +0 trident!!
The orc warrior hits you with a +0 trident!
The orc warrior hits you from afar with a +0 trident!
You barely miss the orc warrior.
You bite the orc warrior, but do no damage.
You draw a card...
You have drawn Velocity.
Nothing appears to happen.
The orc warrior grunts repeatedly.
The orc warrior hits you with a +0 trident!
* * * LOW HITPOINT WARNING * * *
The orc warrior barely misses you.
You draw a card...
You have drawn Exile.
The orc warrior hits you with a +0 trident!!
You die...
Your body glows with a rainbow of weird colours and disappears.

#..)))..#
#.......#
#....)..#
#.).)...#
#.......#
#.))))..#
#..)....#
#...)...#
##.).@.##
###o###
#.o.#
#.).#
#.).#
#...#
###'###
##...).##
#....o..#


You could see 2 orc warriors.

Vanquished Creatures
  Prince Ribbit (D:8)
  2 ice beasts
  4 orc warriors (Bailey)
  2 ogres (D:4)
  3 centaurs
  3 bullfrogs
  3 scorpions
  A wight (D:5)
  A jelly (D:8)
  2 quasits
  3 orc priests
  3 bullfrog skeletons
  A centaur skeleton (D:8)
  3 hounds
  3 iguanas
  2 orc wizards
  9 worker ants
  A killer bee zombie (D:8)
  A hound zombie (D:7)
  A hound skeleton (D:5)
  A worker ant zombie (D:5)
  Robin (D:4)
  A gnoll (D:4)
  5 adders
  A white imp (D:5)
  2 ufetubi
  2 oozes (D:1)
  An adder zombie (D:6)
  2 adder skeletons
  3 worms
  2 dart slugs
  3 leopard geckos
  28 orcs
  2 ball pythons
  7 bats
  6 giant cockroaches
  11 goblins
  6 hobgoblins
  5 jackals
  3 quokkas
  A ball python zombie (D:5)
  5 frilled lizards
  A goblin zombie (D:6)
  9 kobolds
  2 leopard gecko skeletons (D:4)
  A quokka skeleton (D:6)
  A quokka zombie (D:6)
  3 rats
164 creatures vanquished.

Vanquished Creatures (collateral kills)
  An orc warrior (Bailey)
  An ogre (D:4)
  A hound (D:4)
  An orc wizard (D:3)
  Ijyb (D:3)
  A worker ant (D:4)
  3 gnolls (D:4)
  2 adders (D:3)
  2 worms (D:2)
  2 dart slugs
  16 orcs
  4 bats
  2 giant cockroaches
  5 goblins
  2 hobgoblins
  2 quokkas
  A frilled lizard (D:5)
  A rat (D:1)
48 creatures vanquished.

Grand Total: 212 creatures vanquished

Notes
Turn   | Place    | Note
-------+----------+-------------------------------------------
     0 | D:1      | lessens the Vine Stalker Summoner began the quest for the
                  | Orb.
     0 | D:1      | Reached XP level 1. HP: 9/9 MP: 4/4
   384 | D:1      | Reached XP level 2. HP: 13/13 MP: 1/6
  1447 | D:1      | Reached XP level 3. HP: 16/16 MP: 7/7
  1494 | D:1      | Reached skill level 1 in Short Blades
  1768 | D:2      | Found a faded altar of an unknown god.
  2048 | D:2      | Found a sparkling altar of Nemelex Xobeh.
  2058 | D:2      | Became a worshipper of Nemelex Xobeh the Trickster
  2180 | D:2      | Learned a level 2 spell: Call Imp
  2191 | D:2      | Reached skill level 2 in Short Blades
  2195 | D:2      | Learned a level 3 spell: Call Canine Familiar
  2693 | D:2      | Reached * piety under Nemelex Xobeh
  2748 | D:2      | Gained mutation: Your natural rate of healing is unusually
                  | fast. [Vine Stalker growth]
  2748 | D:2      | Reached XP level 4. HP: 21/21 MP: 8/8
  3277 | D:3      | Reached skill level 3 in Short Blades
  3359 | D:3      | Received a gift from Nemelex Xobeh
  3378 | D:3      | Reached XP level 5. HP: 22/24 MP: 9/9
  3591 | D:3      | Noticed Ijyb
  3600 | D:3      | Killed Ijyb
  3704 | D:3      | Reached skill level 4 in Short Blades
  4004 | D:4      | Found a blossoming altar of Fedhas.
  4004 | D:4      | Found a glowing silver altar of Zin.
  4005 | D:4      | Found a stormy altar of Qazlal.
  4005 | D:4      | Noticed an ogre
  4037 | D:4      | Killed an ogre
  4038 | D:4      | Reached XP level 6. HP: 28/28 MP: 10/10
  4075 | D:4      | Noticed Robin
  4091 | D:4      | Killed Robin
  4140 | D:4      | Reached skill level 5 in Short Blades
  4220 | D:4      | Found a hide-covered altar of Uskayaw.
  4220 | D:4      | Found a bloodstained altar of Trog.
  4222 | D:4      | Found a sacrificial altar of Ru.
  4284 | D:4      | Reached ** piety under Nemelex Xobeh
  4297 | D:4      | Reached XP level 7. HP: 21/32 MP: 11/11
  4322 | D:4      | Reached skill level 6 in Short Blades
  5071 | D:5      | Entered Level 5 of the Dungeon
  5086 | D:5      | Reached skill level 7 in Short Blades
  5198 | D:5      | Found a broken altar of Ashenzari.
  5376 | D:5      | Found Nuxeyrel's Distillery.
  5409 | D:5      | Gained mutation: You have razor-sharp teeth. [Vine Stalker
                  | growth]
  5409 | D:5      | Reached XP level 8. HP: 31/36 MP: 12/12
  5472 | D:5      | Bought a potion of berserk rage for 60 gold pieces
  5472 | D:5      | Bought a potion of degeneration for 12 gold pieces
  5505 | D:5      | Found a burning altar of Makhleb.
  5542 | D:5      | Got an ebony dagger
  5543 | D:5      | Identified the +8 dagger of Ojarph {flame, Int+6} (You
                  | found it on level 5 of the Dungeon)
  5674 | D:5      | Found a staircase to the Ecumenical Temple.
  5777 | D:5      | Reached skill level 8 in Short Blades
  6182 | D:6      | Received a gift from Nemelex Xobeh
  6309 | D:5      | Reached skill level 9 in Short Blades
  6407 | D:6      | Reached *** piety under Nemelex Xobeh
  6477 | D:6      | Found a sand-covered staircase.
  6501 | D:6      | You fall into a shaft and drop 3 floors!
  6635 | D:8      | Reached XP level 9. HP: 31/39 MP: 13/13
  6735 | D:8      | Received a gift from Nemelex Xobeh
  6737 | D:8      | Noticed Prince Ribbit
  6746 | D:8      | Killed Prince Ribbit
  6747 | D:8      | Reached skill level 10 in Short Blades
  6837 | D:8      | Reached skill level 1 in Fighting
  7005 | D:7      | Found a flagged portal.
  7014 | Bailey   | Entered a bailey
  7328 | Bailey   | Reached skill level 11 in Short Blades
  7417 | Bailey   | Mangled by an orc warrior

Illustrated notes

Levels and vault maps discovered:
D:1:      dpeg_arrival_snail, layout_loops_corners, minmay_box_of_dots
D:2:      layout_basic, nemelex_xobeh_ov_fountains_minmay,
          chequers_ecumenical_altar_island,
          hangedman_abyss_or_decor_lesser_grid, minmay_pentomino_t4
D:3:      layout_rooms, serial_glass, glass_columns_b, glass_columns_c,
          uniq_ijyb
D:4:      layout_loops_ring, grunt_temple_overflow_open, uniq_robin
D:5:      layout_rooms, lemuel_round_altar, nicolae_ashenzari_panopticon,
          minmay_temple_entry_hall, serial_shops,
          nicolae_shop_competitors_out_of_business
D:6:      layout_cave_pods, enter_ossuary_4, serial_shops,
          nicolae_shop_overgrown_old_shop, amcnicky_mini_pool_medium
D:7:      layout_basic, enter_bailey_2
D:8:      layout_rooms, basic_altar, serial_bayou_pond_e, uniq_prince_ribbit1
D:9:      layout_stronghold, hiddenorc2_lemuel, chequers_serial_rivers_micro_a,
          chequers_serial_rivers_marsh
Bailey:   bailey_polearm_5, bailey

Skill      XL: |  1  2  3  4  5  6  7  8  9 |
---------------+----------------------------+-----
Short Blades   | 2 3 4 5 7 9 11 | 11.0
Fighting       | 2 |  2.8
Dodging        | 2 |  2.1
Stealth        | |  2.8
Spellcasting   | |  2.5
Summonings     | |  4.2

Action                   |  1- 3 |  4- 6 |  7- 9 || total
-------------------------+-------+-------+-------++-------
Melee: Unarmed           |    50 |       |       ||    50
       Bite              |    30 |    84 |    95 ||   209
       Dagger            |    65 |   226 |   265 ||   556
       Short sword       |       |       |    53 ||    53
 Cast: Summon Small Mamm |    50 |     3 |       ||    53
       Call Imp          |       |    25 |    23 ||    48
       Call Canine Famil |       |     1 |       ||     1
Invok: Draw Destruction  |       |     3 |     2 ||     5
       Draw Escape       |       |       |     2 ||     2
       Draw Summoning    |       |       |     1 ||     1
Evoke: Wand              |       |       |     2 ||     2
  Use: Scroll            |       |     6 |     3 ||     9
       Potion            |       |       |     3 ||     3
 Stab: Sleeping          |     7 |     3 |    12 ||    22
       Distracted        |     2 |     2 |       ||     4
Armor: Robe              |    38 |    36 |    43 ||   117
       Skin              |       |       |    11 ||    11
Dodge: Dodged            |    93 |   127 |   169 ||   389

Table legend: (Time is in decaauts)
 A = Elapsed time spent in this place.
 B = Non-inter-level travel time spent in this place.
 C = Inter-level travel time spent in this place.
 D = Time resting spent in this place.
 E = Time spent auto-exploring this place.
 F = Levels seen in this place.
 G = Mean time per level.
                   A        B        C        D        E       F      G
               +--------+--------+--------+--------+--------+-----+--------+
         Total |   7252 |   6892 |    360 |    368 |   4278 |  10 |  725.2 |
       Dungeon |   6879 |   6519 |    360 |    254 |   4278 |   9 |  764.3 |
        Bailey |    373 |    373 |      0 |    113 |      0 |   1 |  373.0 |
               +--------+--------+--------+--------+--------+-----+--------+

Top non-repeatable levels by time:
     D:1: 1767 daAuts
     D:2: 1370 daAuts
     D:4: 1293 daAuts
     D:5: 877 daAuts
     D:3: 742 daAuts
  Bailey: 373 daAuts
     D:6: 350 daAuts
     D:8: 332 daAuts
     D:7: 87 daAuts
     D:9: 58 daAuts
